 Dungeon Crawl Stone Soup version 0.17.1-3-g152610e (webtiles) character file.

512 manyhoops the Poker (level 7, -5/55 HPs)
             Began as a Merfolk Gladiator on Apr 5, 2016.
             Killed by divine providence
             ... invoked by an orc priest
              (13 damage)
             ... on level 7 of the Dungeon.
             The game lasted 00:12:04 (4287 turns).

manyhoops the Poker (Merfolk Gladiator)             Turns: 4287, Time: 00:12:04

Health: -5/55      AC:  6    Str: 16    XL:     7   Next: 19%
Magic:  7/7        EV: 15    Int:  7    God:
Gold:   254        SH:  0    Dex: 16    Spells: 0 memorised, 6 levels left

rFire  . . .     SeeInvis .     B - +0 trident (holy)
rCold  . . .     Clarity  .     w - +0 ring mail
rNeg   . . .     SustAt   .     (no shield)
rPois  .         Gourm    +     c - +0 helmet
rElec  .         Spirit   .     (no cloak)
rCorr  .         Warding  .     (no gloves)
rMut   .         Stasis   .     (no boots)
MR     .....                    t - amulet of the gourmand
Stlth  +.........               (no ring)
                                o - ring of wizardry

@: about to teleport, not resistant to hostile enchantments, very unstealthy
A: change form in water, swift swim
a: no special abilities


You were on level 7 of the Dungeon.
You were near starving.

You visited 1 branch of the dungeon, and saw 7 of its levels.

You collected 254 gold pieces.

Inventory:

Hand Weapons
 a - a +0 trident
 B - a +0 trident of holy wrath (weapon)
Missiles
 d - 3 throwing nets (quivered)
Armour
 b - a +0 leather armour
 c - a +0 helmet (worn)
 w - a +0 ring mail (worn)
Rods
 v - a +3 rod of ignition (16/16)
   (You took it off a hobgoblin on level 4 of the Dungeon)
Jewellery
 o - a ring of wizardry (left hand)
 t - an amulet of the gourmand (around neck)
Wands
 s - a wand of fireball (12)
Scrolls
 m - a scroll of blinking
 n - a scroll of amnesia
 u - 3 scrolls of remove curse
 y - 2 scrolls of enchant weapon {unknown}
 C - a scroll of identify
Potions
 g - 2 potions of curing {unknown}
 h - 2 potions of degeneration {unknown}
 j - 2 potions of flight {unknown}
 k - a potion of heal wounds {unknown}
 l - a potion of brilliance {unknown}
 p - a potion of agility {unknown}
 r - a potion of might {unknown}
 x - a potion of magic {unknown}
 z - a potion of lignification {unknown}
Comestibles
 e - 2 bread rations
 i - 3 meat rations
 q - a beef jerky
 A - a slice of pizza


   Skills:
 + Level 4.5 Fighting
 + Level 7.8 Polearms
 - Level 2.0 Throwing
 - Level 0.1 Armour
 + Level 6.8 Dodging
 + Level 1.3 Stealth


You had 6 spell levels left.
You didn't know any spells.

Dungeon Overview and Level Annotations

Branches:
Dungeon (7/15)
 Temple: D:4-7

Altars:
Cheibriados
Makhleb
Xom

Annotations:
D:3 manyhoops's ghost, amateur MfGl


Message History

You reach to attack!
You hit the orc warrior but do no damage.
The orc warrior hits you from afar with a glaive!!
* * * LOW HITPOINT WARNING * * *
You see here an orc skeleton.
There is a stone staircase leading down here.
The orc warrior hits you from afar with a glaive.
* * * LOW HITPOINT WARNING * * *
You climb downwards. 3 orcs and an orc priest come into view.
The orc shouts!
The orc priest shouts!
The orc shouts!
You hear a shout!
There is a stone staircase leading up here.
As you read the scroll of teleportation, it crumbles to dust.
You feel strangely unstable. The orc closely misses you.
The orc hits you but does no damage.
An orc warrior comes into view. It is wielding a mace.
The orc misses you.
The orc priest mumbles some strange prayers to Beogh against you.
Something smites you!
You die...

### ##.##
#...#
#..<#
.#####ooo#
.......@.#
.###.o..##
#o#### ...
###


You could see an orc warrior, an orc priest and 3 orcs.

Vanquished Creatures
  An ogre (D:3)
  2 scorpions
  A crimson imp (D:5)
  An iguana (D:5)
  2 orc priests
  3 worker ants (D:5)
  A worker ant zombie (D:5)
  3 adders
  A shadow imp (D:4)
  3 worms
  3 giant geckos
  6 orcs
  A bat (D:1)
  10 hobgoblins
  11 jackals
  4 kobolds
  8 quokkas
  A ball python (D:2)
  4 giant cockroaches
  3 giant newts
  5 goblins
  9 rats
83 creatures vanquished.

Notes
Turn   | Place    | Note
--------------------------------------------------------------
     0 | D:1      | manyhoops the Merfolk Gladiator began the quest for the Orb.
     0 | D:1      | Reached XP level 1. HP: 16/16 MP: 1/1
   248 | D:1      | Reached XP level 2. HP: 22/22 MP: 2/2
   348 | D:1      | Reached skill level 5 in Polearms
   860 | D:2      | Reached XP level 3. HP: 25/28 MP: 3/3
   918 | D:2      | Found a faded altar to an unknown god.
  1469 | D:3      | Reached XP level 4. HP: 29/34 MP: 4/4
  1503 | D:3      | Noticed manyhoops's ghost (amateur MfGl)
  1688 | D:3      | Reached skill level 5 in Dodging
  1805 | D:3      | Noticed an ogre
  1837 | D:3      | Killed an ogre
  1837 | D:3      | Reached skill level 6 in Polearms
  1837 | D:3      | Reached skill level 1 in Stealth
  1837 | D:3      | Reached XP level 5. HP: 23/41 MP: 5/5
  2628 | D:4      | Reached XP level 6. HP: 37/48 MP: 6/6
  2771 | D:5      | Entered Level 5 of the Dungeon
  2784 | D:5      | Reached skill level 7 in Polearms
  3315 | D:5      | Found a shimmering altar of Xom.
  3315 | D:5      | Found a burning altar of Makhleb.
  3320 | D:5      | Found a snail-covered altar of Cheibriados.
  3407 | D:5      | Reached XP level 7. HP: 35/55 MP: 7/7
  4287 | D:7      | Killed from afar by an orc priest

Action                   |  1- 3 |  4- 6 |  7- 9 || total
-------------------------+-------+-------+-------++-------
Melee: Trident           |   136 |   220 |    54 ||   410
  Use: Scroll            |     3 |     5 |     1 ||     9
       Potion            |       |     1 |       ||     1
 Stab: Sleeping          |     1 |       |       ||     1
  Eat: Bread ration      |     1 |     1 |       ||     2
       Chunk             |       |     5 |       ||     5
